General information
- name: BNet
- type: Ladder team game (AT/RT)
- host: Battle.net
- saver:
map: FullScaleAssault
- players: 8
- length: 66:36
- speed: Fast
- version: 1.26 W3XP
- replay type: Public
» download(330 KB)
Players
team 1 (winner)

»
i_love_n00b (
green | 88 APM | 2742 actions | 31:11)
7 Mountain King
3 Storm Bolt
3 Thunder Clap
1 Avatar
5 Archmage
2 Summon Water Elemental
1 Blizzard
2 Brilliance Aura
» actions
| Assign group hotkey | 31 | |
| Basic commands | 94 | |
| Build / train | 158 | |
| Enter build submenu | 24 | |
| Enter hero's abilities submenu | 13 | |
| Give item / drop item | 4 | |
| Right click | 549 | |
| Select / deselect | 481 | |
| Select group hotkey | 1293 | |
| Use ability | 95 | |
2742 total
» units
| Peasant | 16 | |
| Footman | 5 | |
| Flying Machine | 81 | |
| Siege Engine | 15 | |
117 total
» upgrades
| Gunpowder | 3 | |
| Plating | 3 | |
| Lumber Harvesting | 1 | |
| Flak Cannons | 1 | |
| Flying Machine Bombs | 1 | |
| Barrage | 1 | |
| Masonry | 1 | |
11 total
» buildings
| Altar of Kings | 2 | |
| Farm | 10 | |
| Barracks | 1 | |
| Arcane Vault | 1 | |
| Keep | 1 | |
| Blacksmith | 1 | |
| Lumber Mill | 1 | |
| Workshop | 3 | |
| Castle | 1 | |
| Town Hall | 2 | |
| Scout Tower | 1 | |
24 total
» build order
00:20 Altar of Kings
00:22 Farm
00:26 Altar of Kings
00:38 Barracks
00:55 Farm
01:42 Farm
02:02 Arcane Vault
02:24 Farm
03:00 Keep
03:51 Farm
03:59 Blacksmith
04:46 Farm
05:05 Lumber Mill
05:32 Workshop
05:36 Workshop
06:27 Farm
07:16 Castle
08:33 Workshop
09:42 Farm
10:01 Town Hall
17:31 Farm
18:24 Farm
22:16 Town Hall
28:46 Scout Tower
» items
| Scroll of Regeneration | 2 | |
| Scroll of Town Portal | 5 | |
| Potion of Lesser Invulnerability | 1 | |
| Orb of Lightning | 4 | |
| Lesser Clarity Potion | 1 | |
| Potion of Healing | 1 | |
14 total
xRaideRx (
red | 87 APM | 2941 actions | 33:52)
7 Blademaster
2 Wind Walk
3 Critical Strike
1 Bladestorm
1 Mirror Image
7 Shadow Hunter
3 Healing Wave
3 Hex
1 Big Bad Voodoo
» actions
| Assign group hotkey | 141 | |
| Basic commands | 14 | |
| Build / train | 115 | |
| Enter build submenu | 33 | |
| Enter hero's abilities submenu | 14 | |
| Give item / drop item | 5 | |
| Remove unit from queue | 6 | |
| Right click | 1405 | |
| Select / deselect | 478 | |
| Select group hotkey | 579 | |
| Use ability | 151 | |
2941 total
» units
| Peon | 25 | |
| Grunt | 5 | |
| Shaman | 13 | |
| Tauren | 13 | |
| Goblin Zeppelin | 1 | |
| Spirit Walker | 2 | |
| Troll Batrider | 2 | |
| Raider | 1 | |
62 total
» upgrades
| Shaman Training | 2 | |
| Armor | 2 | |
| Melee Weapons | 2 | |
| Spiked Barricades | 1 | |
| Reinforced Defenses | 1 | |
| Pulverize | 1 | |
9 total
» buildings
| Altar of Storms | 1 | |
| Orc Burrow | 9 | |
| Barracks | 1 | |
| Voodoo Lounge | 2 | |
| Stronghold | 1 | |
| War Mill | 1 | |
| Spirit Lodge | 1 | |
| Fortress | 2 | |
| Great Hall | 1 | |
| Watch Tower | 7 | |
| Tauren Totem | 2 | |
| Beastiary | 2 | |
30 total
» build order
00:11 Altar of Storms
00:13 Orc Burrow
00:33 Barracks
02:22 Orc Burrow
02:27 Voodoo Lounge
02:42 Orc Burrow
03:30 Stronghold
04:25 War Mill
05:07 Orc Burrow
05:26 Orc Burrow
05:42 Orc Burrow
06:25 Spirit Lodge
06:51 Fortress
06:52 Fortress
07:31 Great Hall
07:52 Watch Tower
09:46 Tauren Totem
09:50 Tauren Totem
11:34 Orc Burrow
12:53 Orc Burrow
12:57 Watch Tower
13:42 Watch Tower
14:28 Orc Burrow
14:32 Watch Tower
14:49 Voodoo Lounge
20:04 Watch Tower
22:14 Watch Tower
22:15 Watch Tower
25:57 Beastiary
26:01 Beastiary
» items
| Circlet of Nobility | 1 | |
| Boots of Speed | 1 | |
| Healing Salve | 2 | |
| Orb of Lightning | 2 | |
| Scroll of Town Portal | 3 | |
| Tiny Great Hall | 1 | |
| Potion of Mana | 1 | |
| Scroll of Protection | 1 | |
| Scroll of Healing | 1 | |
| Potion of Lesser Invulnerability | 1 | |
14 total

»
BiLLY_THE_KiDD (
teal | 35 APM | 2314 actions | 66:36)
8 Blademaster
3 Wind Walk
3 Critical Strike
1 Bladestorm
1 Mirror Image
4 Tauren Chieftain
1 Shockwave
2 Endurance Aura
1 War Stomp
» actions
| Assign group hotkey | 13 | |
| Basic commands | 39 | |
| Build / train | 141 | |
| ESC pressed | 23 | |
| Enter build submenu | 51 | |
| Enter hero's abilities submenu | 12 | |
| Give item / drop item | 6 | |
| Right click | 1086 | |
| Select / deselect | 649 | |
| Select group hotkey | 25 | |
| Use ability | 268 | |
2314 total
» units
| Peon | 30 | |
| Grunt | 14 | |
| Troll Headhunter/Berserker | 1 | |
| Wind Rider | 21 | |
| Goblin Zeppelin | 5 | |
| Goblin Shredder | 1 | |
| Troll Batrider | 20 | |
| Acolyte | 3 | |
| Goblin Sapper | 8 | |
103 total
» upgrades
| Ranged Weapons | 1 | |
| Pillage | 1 | |
| Spiked Barricades | 2 | |
| Envenomed Spears | 1 | |
| Reinforced Defenses | 1 | |
| Armor | 1 | |
| Liquid Fire | 1 | |
8 total
» buildings
| Altar of Storms | 2 | |
| Orc Burrow | 15 | |
| Barracks | 1 | |
| War Mill | 2 | |
| Stronghold | 2 | |
| Beastiary | 9 | |
| Fortress | 1 | |
| Voodoo Lounge | 5 | |
| Great Hall | 1 | |
| Watch Tower | 8 | |
| Arcane Tower | 1 | |
47 total
» build order
00:06 Altar of Storms
00:08 Orc Burrow
00:45 Barracks
01:34 War Mill
02:36 Orc Burrow
03:43 Stronghold
04:45 Orc Burrow
07:34 Orc Burrow
07:37 Orc Burrow
07:41 Orc Burrow
07:46 Beastiary
07:49 Fortress
09:44 Beastiary
10:01 Voodoo Lounge
10:03 Voodoo Lounge
17:31 Great Hall
22:08 Orc Burrow
22:15 Beastiary
22:21 Beastiary
22:25 Orc Burrow
22:43 Voodoo Lounge
23:07 Orc Burrow
27:33 Beastiary
29:13 Watch Tower
29:15 Watch Tower
29:17 Watch Tower
32:45 Watch Tower
33:43 Beastiary
33:45 Beastiary
34:59 Stronghold
36:53 Orc Burrow
38:09 War Mill
38:50 Orc Burrow
39:17 Altar of Storms
39:48 Orc Burrow
41:06 Orc Burrow
41:38 Orc Burrow
42:04 Voodoo Lounge
42:08 Beastiary
42:22 Orc Burrow
42:37 Watch Tower
44:12 Watch Tower
44:15 Watch Tower
44:18 Beastiary
45:18 Voodoo Lounge
46:23 Watch Tower
53:38 Arcane Tower
» items
| Scroll of Healing | 1 | |
| Circlet of Nobility | 1 | |
| Healing Salve | 1 | |
| Tiny Great Hall | 5 | |
| Orb of Lightning | 2 | |
| Scroll of Town Portal | 2 | |
12 total
areyoucrazy (
orange | 36 APM | 1120 actions | 31:17)
6 Death Knight
3 Death Coil
2 Unholy Aura
1 Animate Dead
» actions
| Assign group hotkey | 17 | |
| Basic commands | 38 | |
| Build / train | 62 | |
| Enter build submenu | 30 | |
| Enter hero's abilities submenu | 6 | |
| Remove unit from queue | 7 | |
| Right click | 330 | |
| Select / deselect | 368 | |
| Select group hotkey | 173 | |
| Use ability | 89 | |
1120 total
» units
| Acolyte | 6 | |
| Ghoul | 7 | |
| Obsidian Statue | 19 | |
| Crypt Fiend | -1 | |
31 total
» upgrades
| Creature Carapace | 3 | |
| Creature Attack | 3 | |
| Unholy Armor | 1 | |
| Unholy Strength | 1 | |
| Destroyer Form | 1 | |
| Exhume Corpses | 1 | |
10 total
» buildings
| Altar of Darkness | 1 | |
| Ziggurat | 9 | |
| Graveyard | 2 | |
| Crypt | 1 | |
| Tomb of Relics | 1 | |
| Halls of the Dead | 1 | |
| Black Citadel | 1 | |
| Slaughterhouse | 2 | |
| Nerubian Tower | 2 | |
| Spirit Tower | 1 | |
21 total
» build order
00:22 Altar of Darkness
00:30 Ziggurat
00:48 Graveyard
01:36 Graveyard
01:38 Crypt
01:45 Tomb of Relics
01:52 Ziggurat
02:13 Ziggurat
03:52 Halls of the Dead
04:13 Ziggurat
04:21 Ziggurat
04:27 Ziggurat
06:14 Black Citadel
06:16 Slaughterhouse
06:18 Slaughterhouse
06:30 Nerubian Tower
09:44 Spirit Tower
13:48 Ziggurat
17:30 Nerubian Tower
22:07 Ziggurat
24:09 Ziggurat
» items
| Rod of Necromancy | 1 | |
| Orb of Corruption | 1 | |
2 total
team 2 (loser)
cartoonz (
pink | 17 APM | 1104 actions | 66:36)
11 Firelord
3 Summon Lava Spawn
3 Soul Burn
3 Volcano
2 Incinerate
» actions
| Basic commands | 2 | |
| Build / train | 98 | |
| Enter build submenu | 24 | |
| Enter hero's abilities submenu | 11 | |
| Remove unit from queue | 2 | |
| Right click | 540 | |
| Select / deselect | 364 | |
| Use ability | 63 | |
1104 total
» units
| Peasant | 17 | |
| Footman | 8 | |
| Gryphon Rider | 24 | |
| Blue Drake | 1 | |
| Knight | 5 | |
55 total
» upgrades
| Lumber Harvesting | 2 | |
| Swords | 3 | |
| Armor | 3 | |
| Storm Hammers | 1 | |
| Masonry | 1 | |
10 total
» buildings
| Altar of Kings | 1 | |
| Farm | 13 | |
| Barracks | 1 | |
| Town Hall | 3 | |
| Keep | 5 | |
| Lumber Mill | 1 | |
| Arcane Vault | 1 | |
| Blacksmith | 1 | |
| Castle | 1 | |
| Gryphon Aviary | 3 | |
30 total
» build order
00:05 Altar of Kings
00:08 Farm
00:12 Barracks
01:18 Farm
02:02 Farm
02:50 Farm
04:27 Town Hall
05:00 Keep
05:00 Keep
05:01 Keep
05:01 Keep
05:01 Keep
05:19 Lumber Mill
05:48 Arcane Vault
07:15 Blacksmith
07:22 Castle
07:49 Gryphon Aviary
08:33 Gryphon Aviary
09:12 Gryphon Aviary
10:15 Farm
10:56 Farm
11:38 Farm
12:18 Farm
12:57 Farm
13:55 Farm
15:00 Farm
16:41 Farm
22:02 Farm
25:20 Town Hall
31:19 Town Hall
» items
| Potion of Mana | 3 | |
| Lesser Clarity Potion | 5 | |
| Orb of Fire | 1 | |
| Potion of Healing | 1 | |
10 total
INVISIBLE-MAN (
purple | 44 APM | 2899 actions | 66:36)
10 Blood Mage
3 Flame Strike
3 Banish
1 Summon Phoenix
3 Siphon Mana
» actions
| Assign group hotkey | 46 | |
| Basic commands | 262 | |
| Build / train | 107 | |
| Enter build submenu | 23 | |
| Enter hero's abilities submenu | 10 | |
| Give item / drop item | 1 | |
| Right click | 885 | |
| Select / deselect | 421 | |
| Select group hotkey | 905 | |
| Use ability | 239 | |
2899 total
» units
| Peasant | 9 | |
| Goblin Shredder | 2 | |
| Gryphon Rider | 12 | |
| Goblin Zeppelin | 6 | |
| Sorceress | 2 | |
31 total
» upgrades
| Masonry | 3 | |
| Lumber Harvesting | 1 | |
| Animal War Training | 1 | |
| Storm Hammers | 1 | |
| Swords | 3 | |
| Armor | 3 | |
| Cloud | 1 | |
| Magic Sentry | 1 | |
| Sorceress Training | 2 | |
| Priest Training | 1 | |
17 total
» buildings
| Altar of Kings | 1 | |
| Farm | 9 | |
| Lumber Mill | 1 | |
| Scout Tower | 50 | |
| Arcane Tower | 2 | |
| Keep | 2 | |
| Arcane Vault | 2 | |
| Blacksmith | 1 | |
| Guard Tower | 23 | |
| Castle | 3 | |
| Gryphon Aviary | 3 | |
| Barracks | 1 | |
| Town Hall | 3 | |
| Arcane Sanctum | 1 | |
102 total
» build order
00:15 Altar of Kings
00:23 Farm
00:38 Lumber Mill
00:55 Scout Tower
01:31 Arcane Tower
02:30 Keep
02:44 Arcane Vault
03:04 Scout Tower
03:05 Scout Tower
03:06 Scout Tower
03:07 Scout Tower
03:31 Blacksmith
03:49 Guard Tower
03:56 Farm
03:57 Farm
03:58 Farm
03:59 Farm
04:00 Farm
04:49 Guard Tower
05:07 Castle
05:41 Gryphon Aviary
07:05 Gryphon Aviary
07:06 Gryphon Aviary
07:45 Barracks
10:16 Farm
10:16 Farm
10:17 Farm
12:43 Town Hall
12:51 Scout Tower
12:51 Scout Tower
12:52 Scout Tower
12:52 Scout Tower
12:53 Scout Tower
12:53 Scout Tower
12:54 Scout Tower
12:57 Scout Tower
12:59 Scout Tower
13:55 Guard Tower
16:09 Guard Tower
16:18 Arcane Sanctum
22:55 Scout Tower
22:56 Scout Tower
22:57 Scout Tower
22:57 Scout Tower
22:58 Scout Tower
22:58 Scout Tower
22:58 Scout Tower
22:59 Scout Tower
22:59 Scout Tower
22:59 Scout Tower
23:00 Scout Tower
23:00 Scout Tower
23:00 Scout Tower
23:01 Scout Tower
23:01 Scout Tower
23:02 Scout Tower
23:03 Scout Tower
23:04 Scout Tower
23:51 Guard Tower
24:12 Guard Tower
24:39 Guard Tower
26:07 Guard Tower
26:43 Town Hall
26:44 Scout Tower
26:44 Scout Tower
26:44 Scout Tower
26:46 Scout Tower
26:47 Scout Tower
26:47 Scout Tower
26:47 Scout Tower
26:49 Scout Tower
26:51 Town Hall
26:53 Scout Tower
26:54 Scout Tower
26:55 Scout Tower
26:55 Scout Tower
26:56 Scout Tower
26:58 Scout Tower
27:04 Scout Tower
27:05 Scout Tower
27:06 Scout Tower
27:07 Scout Tower
27:27 Guard Tower
27:28 Guard Tower
27:29 Guard Tower
27:47 Guard Tower
28:05 Guard Tower
28:05 Guard Tower
28:21 Guard Tower
28:21 Guard Tower
28:22 Guard Tower
28:22 Guard Tower
28:24 Arcane Vault
28:51 Guard Tower
30:09 Keep
33:37 Castle
33:37 Castle
» items
| Scroll of Regeneration | 5 | |
| Scroll of Town Portal | 6 | |
| Staff of Teleportation | 1 | |
| Lesser Clarity Potion | 2 | |
| Potion of Healing | 1 | |
| Orb of Fire | 1 | |
| Potion of Mana | 1 | |
17 total

»
Cotton_Tail (
blue | 58 APM | 3843 actions | 66:36)
9 Goblin Tinker
3 Pocket Factory
2 Cluster Rockets
3 Engineering Upgrade
1 Robo-Goblin
» actions
| Assign group hotkey | 6 | |
| Basic commands | 159 | |
| Build / train | 122 | |
| ESC pressed | 1 | |
| Enter build submenu | 47 | |
| Enter hero's abilities submenu | 9 | |
| Remove unit from queue | 9 | |
| Right click | 2538 | |
| Select / deselect | 560 | |
| Select group hotkey | 263 | |
| Use ability | 129 | |
3843 total
» units
| Wisp | 47 | |
| Archer | 1 | |
| Huntress | 2 | |
| Dryad | 15 | |
| Druid of the Talon | 7 | |
| Chimaera | 5 | |
| Goblin Zeppelin | 2 | |
79 total
» upgrades
| Strength of the Wild | 3 | |
| Reinforced Hides | 3 | |
| Abolish Magic | 1 | |
| Druid of the Claw Training | 2 | |
| Corrosive Breath | 1 | |
10 total
» buildings
| Moon Well | 9 | |
| Altar of Elders | 1 | |
| Ancient of War | 1 | |
| Hunter's Hall | 1 | |
| Ancient Protector | 22 | |
| Tree of Ages | 1 | |
| Tree of Life | 5 | |
| Ancient of Lore | 2 | |
| Tree of Eternity | 2 | |
| Ancient of Wind | 1 | |
| Chimaera Roost | 1 | |
| Ancient of Wonders | 1 | |
47 total
» build order
00:08 Moon Well
00:13 Altar of Elders
00:43 Ancient of War
01:28 Moon Well
02:07 Hunter's Hall
02:49 Moon Well
03:24 Ancient Protector
04:53 Tree of Ages
05:22 Tree of Life
06:02 Moon Well
06:11 Ancient Protector
06:14 Ancient Protector
06:31 Ancient Protector
06:35 Moon Well
06:41 Moon Well
06:46 Ancient Protector
07:35 Ancient Protector
07:37 Ancient Protector
07:46 Ancient Protector
09:47 Ancient of Lore
09:48 Ancient of Lore
09:54 Tree of Eternity
09:54 Tree of Eternity
10:01 Ancient of Wind
10:10 Ancient Protector
11:23 Ancient Protector
11:25 Ancient Protector
11:30 Ancient Protector
12:16 Chimaera Roost
16:59 Moon Well
17:03 Moon Well
21:55 Ancient of Wonders
26:06 Tree of Life
26:42 Moon Well
28:00 Ancient Protector
38:21 Tree of Life
38:26 Tree of Life
42:44 Ancient Protector
42:48 Ancient Protector
42:49 Ancient Protector
42:51 Ancient Protector
42:53 Ancient Protector
44:42 Ancient Protector
44:44 Ancient Protector
44:47 Ancient Protector
44:52 Ancient Protector
62:30 Tree of Life
» items
| Scroll of Town Portal | 2 | |
| Orb of Venom | 1 | |
3 total

»
Adeste_Razz (
yellow | 20 APM | 1350 actions | 66:36)
10 Tauren Chieftain
3 Endurance Aura
3 Shockwave
1 Reincarnation
3 War Stomp
9 Shadow Hunter
3 Healing Wave
3 Hex
1 Big Bad Voodoo
2 Serpent Ward
» actions
| Basic commands | 60 | |
| Build / train | 91 | |
| Enter build submenu | 24 | |
| Enter hero's abilities submenu | 19 | |
| Give item / drop item | 1 | |
| Remove unit from queue | 3 | |
| Right click | 434 | |
| Select / deselect | 601 | |
| Use ability | 115 | |
1350 total
» units
| Peon | 11 | |
| Grunt | 5 | |
| Troll Headhunter/Berserker | 3 | |
| Shaman | 10 | |
| Blue Dragon | 1 | |
| Tauren | 9 | |
| Troll Witch Doctor | 3 | |
42 total
» upgrades
| Spiked Barricades | 1 | |
| Armor | 3 | |
| Berserker Strength | 1 | |
| Melee Weapons | 3 | |
| Shaman Training | 2 | |
| Troll Regeneration | 1 | |
| Pulverize | 1 | |
| Witch Doctor Training | 2 | |
14 total
» buildings
| Altar of Storms | 1 | |
| Orc Burrow | 7 | |
| Barracks | 1 | |
| War Mill | 1 | |
| Voodoo Lounge | 1 | |
| Stronghold | 1 | |
| Watch Tower | 3 | |
| Spirit Lodge | 2 | |
| Great Hall | 3 | |
| Fortress | 1 | |
| Tauren Totem | 2 | |
23 total
» build order
00:14 Altar of Storms
00:17 Orc Burrow
01:03 Barracks
01:17 War Mill
01:43 Orc Burrow
03:18 Voodoo Lounge
04:24 Orc Burrow
04:37 Stronghold
04:56 Watch Tower
05:05 Watch Tower
07:02 Spirit Lodge
08:41 Great Hall
10:10 Watch Tower
11:04 Fortress
12:46 Orc Burrow
13:48 Tauren Totem
14:17 Tauren Totem
16:36 Orc Burrow
17:37 Orc Burrow
18:33 Orc Burrow
27:01 Spirit Lodge
35:51 Great Hall
37:53 Great Hall
» items
| Healing Salve | 4 | |
| Potion of Healing | 1 | |
| Scroll of Town Portal | 3 | |
| Orb of Lightning | 1 | |
| Periapt of Vitality | 1 | |
10 total
Chat log
(01:45 / Allies) INVISIBLE-MAN: blue
(01:51 / Allies) INVISIBLE-MAN: did u ever check out my friend's website
(02:08 / Allies) INVISIBLE-MAN: the standoff guys
(02:19 / Allies) Cotton_Tail: ya
(02:27 / Allies) Cotton_Tail: i dont have msn though
(05:44 / Allies) INVISIBLE-MAN: wood
(06:44 / Allies) INVISIBLE-MAN: wtf
(07:04 / Allies) Cotton_Tail: ??
(13:09 / Allies) cartoonz: meet and hit?
(13:12 / Allies) Cotton_Tail: syre
(13:14 / Allies) Cotton_Tail: sure*
(17:31 / Allies) Adeste_Razz: rdy
(17:53 / Allies) cartoonz: meet
(18:25 / Allies) cartoonz: charge
(19:59 / Allies) cartoonz: upr
(20:00 / Allies) cartoonz: purp
(20:05 / Allies) cartoonz: nub
(20:07 / Allies) cartoonz: cmon
(20:19 / Allies) INVISIBLE-MAN: ur fine dumbass
(21:07 / Allies) Cotton_Tail: fucjk
(21:46 / Allies) cartoonz: blue you got units following me
(22:06 / Allies) Cotton_Tail: shit, lol
(22:11 / Allies) cartoonz: lol
(22:37 / Allies) Cotton_Tail: o shit
(22:40 / Allies) cartoonz: yep inc
(22:57 / Allies) Cotton_Tail: leave expo
(22:58 / Allies) Cotton_Tail: its gone
(23:55 / Allies) Adeste_Razz: tp into blue
(24:41 / Allies) cartoonz: blue
(24:44 / Allies) cartoonz: get out of yer base
(24:51 / Allies) Cotton_Tail: and go where?
(25:36 / Allies) Adeste_Razz: gj
(26:17 / Allies) cartoonz: k
(26:18 / Allies) cartoonz: counter
(28:32 / Allies) cartoonz: wtf are you guys doing
(28:41 / All) INVISIBLE-MAN: guys im not even helping my team u should have won this
(31:20 / All) Cotton_Tail: gg
(31:37 / All) Cotton_Tail: purple is a boss
(31:43 / All) INVISIBLE-MAN: visit that site blue
(31:45 / All) INVISIBLE-MAN: or get msn
(31:53 / All) INVISIBLE-MAN: i was gonna stab but teal is pissing me off
(32:01 / Allies) Cotton_Tail: lol
(32:47 / Allies) cartoonz: wtf
(32:53 / Allies) cartoonz: why?
(32:56 / Allies) INVISIBLE-MAN: just stabbing pink guys
(32:59 / Allies) INVISIBLE-MAN: blue and yellow are safe
(33:02 / Allies) INVISIBLE-MAN: cuz ur a nigger
(33:04 / Allies) cartoonz: why?
(33:17 / Allies) Cotton_Tail: idc either way
(33:21 / Allies) Cotton_Tail: wc3 doesnt make me angry
(33:22 / Allies) Cotton_Tail: ever
(33:24 / Allies) INVISIBLE-MAN: lawl
(33:28 / Allies) INVISIBLE-MAN: lets make this interesting blue
(34:01 / All) INVISIBLE-MAN: teal are u here
(34:02 / All) INVISIBLE-MAN: billy?
(34:10 / All) INVISIBLE-MAN: billy the kid are u here?
(34:17 / All) INVISIBLE-MAN: me and blue are killing our team
(34:19 / All) INVISIBLE-MAN: you get the win
(34:21 / All) INVISIBLE-MAN: if you nod
(34:31 / All) BiLLY_THE_KiDD: yes
(34:33 / All) INVISIBLE-MAN: good
(34:36 / All) BiLLY_THE_KiDD: i am here
(34:43 / All) INVISIBLE-MAN: scout pink we're killing him
(35:17 / All) INVISIBLE-MAN: forgot about phoenix sorry
(35:31 / All) INVISIBLE-MAN: scout yellow
(35:32 / All) INVISIBLE-MAN: now
(35:34 / All) INVISIBLE-MAN: im killing him
(35:37 / All) INVISIBLE-MAN: reveal again
(36:41 / All) INVISIBLE-MAN: teal do you have a good internet or computer?
(36:53 / All) INVISIBLE-MAN: we could make a counter proposition if you want
(38:44 / All) INVISIBLE-MAN: we're gonna kill yellows army soon
(40:15 / All) INVISIBLE-MAN: watch yellows army die
(40:16 / All) INVISIBLE-MAN: teal
(40:27 / All) BiLLY_THE_KiDD: watching
(40:53 / Allies) Adeste_Razz: you're a jackass
(40:59 / All) INVISIBLE-MAN: lawl
(41:03 / Allies) Adeste_Razz: lets finish this game so we can move on
(42:32 / All) INVISIBLE-MAN: teal
(42:39 / All) INVISIBLE-MAN: would you accept this offer
(42:39 / All) BiLLY_THE_KiDD: what
(42:45 / All) BiLLY_THE_KiDD: what offer
(42:51 / All) INVISIBLE-MAN: me and blue kill all units in both sides, including OUR own units, and leave one building on each side
(42:53 / All) INVISIBLE-MAN: we then leave game
(42:57 / All) INVISIBLE-MAN: person with best internet wins
(42:59 / All) INVISIBLE-MAN: is that fair?
(43:01 / All) BiLLY_THE_KiDD: ok
(43:09 / All) INVISIBLE-MAN: would u stay in the game if tha thappens?
(43:15 / All) BiLLY_THE_KiDD: yeah
(43:24 / All) INVISIBLE-MAN: i give you my word we wont kill you completely
(43:32 / All) INVISIBLE-MAN: just leave a useless building like towers or war mills
(43:34 / All) BiLLY_THE_KiDD: buildings have to be revealed tho
(44:10 / All) INVISIBLE-MAN: ok once i kil l ur top island me and blue wil kill our base
(45:16 / All) INVISIBLE-MAN: i sitll wont kill u completely teal
(45:18 / All) INVISIBLE-MAN: u have my word
(46:57 / All) INVISIBLE-MAN: teal you believe me right
(47:35 / All) BiLLY_THE_KiDD: why isnt you castle gone?
(47:48 / All) INVISIBLE-MAN: because , if i kill myself prematurely, ur gonna just end the game
(47:54 / All) Adeste_Razz: jusr leave guy
(47:57 / All) INVISIBLE-MAN: i want both sides to have equal side
(48:00 / All) BiLLY_THE_KiDD: no ill sit
(48:10 / All) INVISIBLE-MAN: you won't after a couple hours though, thats my point
(48:16 / All) INVISIBLE-MAN: both sides will have no units
(48:17 / All) INVISIBLE-MAN: whatsoever
(48:19 / All) BiLLY_THE_KiDD: Im leaving
(48:22 / All) INVISIBLE-MAN: ok wait
(48:24 / All) BiLLY_THE_KiDD: like my house
(48:26 / All) INVISIBLE-MAN: we'll kill our bases then
(48:38 / All) INVISIBLE-MAN: blue u ok with giving him the win?
(48:45 / All) Cotton_Tail: idc
(48:53 / All) INVISIBLE-MAN: ok u win teal
(48:55 / All) Cotton_Tail: im leaving after I destroy everything except
(48:58 / All) Cotton_Tail: 1 building
(49:05 / All) INVISIBLE-MAN: reveal again
(49:06 / All) INVISIBLE-MAN: teal
(49:27 / All) INVISIBLE-MAN: teal im killing my shit now
(49:34 / All) BiLLY_THE_KiDD: i see
(49:46 / All) Cotton_Tail: im not going to kill red
(49:49 / All) INVISIBLE-MAN: blue is not gonna finish u teal
(50:08 / All) Cotton_Tail: ill leave the burrows
(51:04 / All) INVISIBLE-MAN: just kill the burrows blue
(51:55 / All) INVISIBLE-MAN: ok hes gonna leave red
(51:56 / All) INVISIBLE-MAN: okay
(52:02 / All) BiLLY_THE_KiDD: Ok
(52:43 / All) INVISIBLE-MAN: kill off ur dryads cotton
(52:45 / All) INVISIBLE-MAN: also get msn
(52:47 / All) INVISIBLE-MAN: and add me
(52:51 / All) INVISIBLE-MAN: we do this all the time
(53:49 / All) INVISIBLE-MAN: kill my griffs
(53:50 / All) INVISIBLE-MAN: blue
(54:17 / All) Cotton_Tail: kill my herpo
(54:35 / Allies) Cotton_Tail: u sure teal doesnt have any builders?
(54:59 / Allies) Adeste_Razz: there was on up here
(54:59 / All) INVISIBLE-MAN: ok we almost dead teal
(55:03 / Allies) Adeste_Razz: by that tower
(55:09 / All) INVISIBLE-MAN: i killed that yellow
(55:55 / Allies) Cotton_Tail: shouldn't red be revealed?
(55:59 / All) INVISIBLE-MAN: i will
(56:23 / All) BiLLY_THE_KiDD: all those towers
(56:37 / All) INVISIBLE-MAN: we dont even have any units pretty much now
(56:54 / Allies) Cotton_Tail: he still has hero
(56:59 / All) INVISIBLE-MAN: i know
(57:02 / All) INVISIBLE-MAN: he said he was gonna leave
(57:21 / All) BiLLY_THE_KiDD: and those
(57:55 / All) INVISIBLE-MAN: kill my hero
(58:28 / All) INVISIBLE-MAN: ur wisp
(58:50 / All) INVISIBLE-MAN: how much gold u got teal
(58:54 / All) BiLLY_THE_KiDD: 9
(58:58 / All) BiLLY_THE_KiDD: lol
(59:55 / All) INVISIBLE-MAN: this was a lazy attempt at a standoff since you may have left teal
(60:05 / All) BiLLY_THE_KiDD: im here
(60:21 / Allies) INVISIBLE-MAN: any wisps left?
(60:34 / Allies) Cotton_Tail: idk
(60:39 / Allies) INVISIBLE-MAN: detonate
(60:42 / All) BiLLY_THE_KiDD: towers still there
(60:45 / All) BiLLY_THE_KiDD: im ab to leav
(60:55 / All) BiLLY_THE_KiDD: you can leave a building up on the perch
(61:17 / All) BiLLY_THE_KiDD: I DONT HAVE MONEY FOR ZEPPLIN
(61:23 / All) BiLLY_THE_KiDD: all those towers still there
(61:29 / All) BiLLY_THE_KiDD: leave building on perch
(61:32 / All) INVISIBLE-MAN: im killing them
(62:51 / All) BiLLY_THE_KiDD: they still there
(62:57 / All) INVISIBLE-MAN: yea im killing them
(63:06 / All) INVISIBLE-MAN: how about thanking us man we gave you this game
(63:15 / Allies) INVISIBLE-MAN: not a tree of life
(63:19 / All) BiLLY_THE_KiDD: im skeptical person
(63:22 / Allies) INVISIBLE-MAN: just detonate
(63:26 / All) BiLLY_THE_KiDD: im about to leave for the shore
(63:31 / All) INVISIBLE-MAN: shore?
(63:35 / All) BiLLY_THE_KiDD: yeah'
(63:40 / All) BiLLY_THE_KiDD: jersey shore kid
(63:42 / All) INVISIBLE-MAN: can u leave ur internet on, u said u would earlier
(63:53 / All) BiLLY_THE_KiDD: i would
(64:01 / All) INVISIBLE-MAN: its u vs yellow and pink
(64:07 / All) INVISIBLE-MAN: person with the best net wins
(64:13 / All) INVISIBLE-MAN: detonate cototn
(64:32 / Allies) Cotton_Tail: I dont want his hero to get up here
(64:36 / All) INVISIBLE-MAN: he cant
(64:42 / All) INVISIBLE-MAN: if u build a tree of life our allies can build with him
(64:57 / Allies) Cotton_Tail: kill it
(65:15 / Allies) Cotton_Tail: omg purp
(65:15 / All) INVISIBLE-MAN: are u 0/0 food blue?
(65:17 / Allies) Cotton_Tail: Did u see ted?
(65:20 / All) INVISIBLE-MAN: what
(65:22 / All) INVISIBLE-MAN: ted?
(65:23 / Allies) Cotton_Tail: I have 3 food
(65:34 / All) INVISIBLE-MAN: ted?
(65:36 / All) INVISIBLE-MAN: what happened
(66:14 / All) INVISIBLE-MAN: ok im leaving me, go on the bnet wc3 forums if u want to contact me
(66:16 / All) INVISIBLE-MAN: cotton
(66:17 / All) INVISIBLE-MAN: ok?
(66:27 / Allies) Cotton_Tail: ]sure